TOP OF THE 1ST |
Texas A&M Aggies batting - Pitching for Michigan Wolverines : RHP Jason Dunn
|
Pitching: RHP Jason Dunn
|
|
Batting: LHB Richard Borges
|
0-0: Called Strike 0-1: Fly out, F8 (Flyball, 8LS)
|
Batting: RHB Greg Marshall
|
0-0: Foul Ball, location: 2F 0-1: Ball 1-1: SINGLE (Groundball, 34D)
|
Batting: LHB Jesse Callahan
|
0-0: Called Strike 0-1: Ball 1-1: Foul Ball, location: 2F 1-2: Foul Ball, location: 2F 1-2: Ball 2-2: Ball 3-2: Strikes out swinging
|
Batting: RHB Mike Tate
|
0-0: SINGLE (Groundball, 34D) Greg Marshall to second Runner from 2nd tries for 3rd, SAFE, no throw
|
Batting: RHB Bruce Holliday
|
0-0: Ball 1-0: Swinging Strike 1-1: SINGLE (Flyball, 89S) Greg Marshall scores Mike Tate to second Runner from 2nd tries for 3rd, SAFE, no throw
|
Batting: RHB Nacho Rivera
|
0-0: Ground out 6-3 (Groundball, 6S)
|
Top of the 1st over - 1 run, 3 hits, 0 errors, 2 left on base; Texas A&M 1 - Michigan 0 |
BOTTOM OF THE 1ST |
Michigan Wolverines batting - Pitching for Texas A&M Aggies : RHP Jaime Fernández
|
Pitching: RHP Jaime Fernández
|
|
Batting: RHB Roberto López
|
0-0: Ball 1-0: Swinging Strike 1-1: Ball 2-1: Ball 3-1: Base on Balls
|
Batting: LHB Mark Wilson
|
0-0: Called Strike 0-1: Foul Ball, location: 2F 0-2: Ball 1-2: Strikes out swinging
|
Batting: LHB Dustin Jones
|
0-0: Called Strike 0-1: Ball 1-1: Ball 2-1: Fly out, F9 (Flyball, 89S)
|
Batting: LHB Ken Miller
|
0-0: Ball 1-0: Swinging Strike 1-1: Ground out 4-3 (Groundball, 4)
|
Bottom of the 1st over - 0 runs, 0 hits, 0 errors, 1 left on base; Texas A&M 1 - Michigan 0 |
TOP OF THE 2ND |
Texas A&M Aggies batting - Pitching for Michigan Wolverines : RHP Jason Dunn
|
Batting: SHB Orlando Ortíz
|
0-0: Ball 1-0: Fly out, F8 (Flyball, 8LM)
|
Batting: RHB Randy Akers
|
0-0: Called Strike 0-1: Fly out, F8 (Flyball, 8RM)
|
Batting: RHB Joaquín Soto
|
0-0: Called Strike 0-1: Ground out 5-3 (Groundball, 56)
|
Top of the 2nd over - 0 runs, 0 hits, 0 errors, 0 left on base; Texas A&M 1 - Michigan 0 |
BOTTOM OF THE 2ND |
Michigan Wolverines batting - Pitching for Texas A&M Aggies : RHP Jaime Fernández
|
Batting: RHB Bob Caldwell
|
0-0: Fly out, F6 (Line Drive, 56)
|
Batting: RHB Mike Clyne
|
0-0: Foul Ball, location: 2F 0-1: Ball 1-1: Foul Ball, location: 2F 1-2: Ball 2-2: Fly out, F6 (Popup, 6)
|
Batting: RHB David Morgan
|
0-0: Called Strike 0-1: Swinging Strike 0-2: Ball 1-2: Strikes out looking
|
Bottom of the 2nd over - 0 runs, 0 hits, 0 errors, 0 left on base; Texas A&M 1 - Michigan 0 |
TOP OF THE 3RD |
Texas A&M Aggies batting - Pitching for Michigan Wolverines : RHP Jason Dunn
|
Batting: LHB Richard Borges
|
0-0: Foul Ball, location: 2F 0-1: Ball 1-1: Ball 2-1: Called Strike 2-2: Strikes out swinging
|
Batting: RHB Greg Marshall
|
0-0: Ball 1-0: Ball 2-0: Called Strike 2-1: Called Strike 2-2: Ball 3-2: Foul Ball, location: 2F 3-2: Base on Balls
|
Batting: LHB Jesse Callahan
|
0-0: Called Strike 0-1: Ball 1-1: 2-RUN HOME RUN (Flyball, 9LD), Distance : 318 ft
|
Batting: RHB Mike Tate
|
0-0: Ball 1-0: Called Strike 1-1: Ball 2-1: Fly out, F8 (Flyball, 8LD)
|
Batting: RHB Bruce Holliday
|
0-0: Ball 1-0: Ball 2-0: Ground out 6-3 (Groundball, 6)
|
Top of the 3rd over - 2 runs, 1 hit, 0 errors, 0 left on base; Texas A&M 3 - Michigan 0 |
BOTTOM OF THE 3RD |
Michigan Wolverines batting - Pitching for Texas A&M Aggies : RHP Jaime Fernández
|
Batting: RHB Miguel Vega
|
0-0: Ball 1-0: Swinging Strike 1-1: Ball 2-1: Foul Ball, location: 2F 2-2: Ball 3-2: Foul Ball, location: 2F 3-2: Strikes out swinging
|
Batting: RHB George Bishop
|
0-0: SOLO HOME RUN (Flyball, 7LD), Distance : 330 ft
|
Batting: RHB Roberto López
|
0-0: Ball 1-0: Ball 2-0: SINGLE (Flyball, 8LS)
|
Batting: LHB Mark Wilson
|
0-0: Ball 1-0: Ball 2-0: Ball 3-0: Called Strike 3-1: Base on Balls Roberto López to second
|
Batting: LHB Dustin Jones
|
0-0: Called Strike 0-1: Fly out, F8 (Flyball, 8RM)
|
Batting: LHB Ken Miller
|
0-0: Ball 1-0: Called Strike 1-1: Swinging Strike 1-2: Ball 2-2: Ball 3-2: Foul Ball, location: 2F 3-2: Foul Ball, location: 2F 3-2: 3-RUN HOME RUN (Flyball, 9LD), Distance : 316 ft
|
Batting: RHB Bob Caldwell
|
0-0: Foul Ball, location: 2F 0-1: Ground out 5-3 (Groundball, 5S)
|
Bottom of the 3rd over - 4 runs, 3 hits, 0 errors, 0 left on base; Texas A&M 3 - Michigan 4 |
TOP OF THE 4TH |
Texas A&M Aggies batting - Pitching for Michigan Wolverines : RHP Jason Dunn
|
Batting: RHB Nacho Rivera
|
0-0: Swinging Strike 0-1: Fly out, F7 (Flyball, 78S)
|
Batting: SHB Orlando Ortíz
|
0-0: Called Strike 0-1: Ball 1-1: Fly out, F7 (Flyball, 7)
|
Batting: RHB Randy Akers
|
0-0: Called Strike 0-1: Ball 1-1: Fly out, F9 (Flyball, 9LM)
|
Top of the 4th over - 0 runs, 0 hits, 0 errors, 0 left on base; Texas A&M 3 - Michigan 4 |
BOTTOM OF THE 4TH |
Michigan Wolverines batting - Pitching for Texas A&M Aggies : RHP Jaime Fernández
|
Batting: RHB Mike Clyne
|
0-0: Ball 1-0: Swinging Strike 1-1: Swinging Strike 1-2: Fly out, F8 (Flyball, 89D)
|
Batting: RHB David Morgan
|
0-0: SINGLE (Groundball, 6D)
|
Batting: RHB Miguel Vega
|
0-0: Ball 1-0: Ball 2-0: Foul Ball, location: 2F 2-1: Ball 3-1: Base on Balls David Morgan to second
|
Batting: RHB George Bishop
|
0-0: Ball 1-0: Foul Ball, location: 2F 1-1: 3-RUN HOME RUN (Flyball, 9LD), Distance : 326 ft
|
Pitching: RHP Ed Garner
|
|
Batting: RHB Roberto López
|
0-0: Ball 1-0: Ball 2-0: Ball 3-0: Base on Balls
|
Batting: LHB Mark Wilson
|
0-0: Foul Ball, location: 2F 0-1: Foul Ball, location: 2F 0-2: Ball 1-2: Fielders Choice at 2nd, 1-6 (Groundball, P)
|
Batting: LHB Dustin Jones
|
0-0: Ball 1-0: Foul Ball, location: 2F 1-1: Called Strike 1-2: Ball 2-2: Foul Ball, location: 2F 2-2: Fly out, F7 (Flyball, 7)
|
Bottom of the 4th over - 3 runs, 2 hits, 0 errors, 1 left on base; Texas A&M 3 - Michigan 7 |
TOP OF THE 5TH |
Texas A&M Aggies batting - Pitching for Michigan Wolverines : RHP Jason Dunn
|
Batting: RHB Joaquín Soto
|
0-0: Called Strike 0-1: Swinging Strike 0-2: Foul Ball, location: 2F 0-2: Ball 1-2: Fly out, F9 (Flyball, 89M)
|
Batting: LHB Richard Borges
|
0-0: Called Strike 0-1: Foul Ball, location: 2F 0-2: Ball 1-2: Ground out 5-3 (Groundball, 5)
|
Batting: RHB Greg Marshall
|
0-0: Ball 1-0: Foul Ball, location: 2F 1-1: Swinging Strike 1-2: Strikes out swinging
|
Top of the 5th over - 0 runs, 0 hits, 0 errors, 0 left on base; Texas A&M 3 - Michigan 7 |
BOTTOM OF THE 5TH |
Michigan Wolverines batting - Pitching for Texas A&M Aggies : RHP Ed Garner
|
Batting: LHB Ken Miller
|
0-0: Fly out, F8 (Flyball, 8LS)
|
Batting: RHB Bob Caldwell
|
0-0: Foul Ball, location: 2F 0-1: Swinging Strike 0-2: Strikes out looking
|
Batting: RHB Mike Clyne
|
0-0: SOLO HOME RUN (Flyball, 9LD), Distance : 335 ft
|
Batting: RHB David Morgan
|
0-0: Ball 1-0: Ball 2-0: Ball 3-0: Called Strike 3-1: Foul Ball, location: 2F 3-2: Base on Balls
|
Batting: RHB Miguel Vega
|
0-0: Ball 1-0: Ball 2-0: Ground out 1-3 (Groundball, 13S)
|
Bottom of the 5th over - 1 run, 1 hit, 0 errors, 1 left on base; Texas A&M 3 - Michigan 8 |
TOP OF THE 6TH |
Texas A&M Aggies batting - Pitching for Michigan Wolverines : RHP Louie Henderson
|
Pitching: RHP Louie Henderson
|
|
Batting: LHB Jesse Callahan
|
0-0: Swinging Strike 0-1: Ball 1-1: Ball 2-1: Foul Ball, location: 2F 2-2: Foul Ball, location: 2F 2-2: Ground out 4-3 (Groundball, 34D)
|
Batting: RHB Mike Tate
|
0-0: Ball 1-0: DOUBLE (Line Drive, 78D)
|
Batting: RHB Bruce Holliday
|
0-0: Ball Mike Tate is caught stealing 3rd base 1-0: Ball 2-0: Called Strike 2-1: Foul Ball, location: 2F 2-2: Foul Ball, location: 2F 2-2: Foul Ball, location: 2F 2-2: Ball 3-2: Base on Balls
|
Batting: RHB Nacho Rivera
|
0-0: Called Strike 0-1: Swinging Strike 0-2: Fielders Choice at 2nd, 5-4 (Groundball, 5L)
|
Top of the 6th over - 0 runs, 1 hit, 0 errors, 1 left on base; Texas A&M 3 - Michigan 8 |
BOTTOM OF THE 6TH |
Michigan Wolverines batting - Pitching for Texas A&M Aggies : RHP Ed Garner
|
Batting: RHB George Bishop
|
0-0: Called Strike 0-1: Ball 1-1: Ball 2-1: Ball 3-1: Base on Balls
|
Batting: RHB Roberto López
|
0-0: Called Strike 0-1: Ball 1-1: Swinging Strike 1-2: Foul Ball, location: 2F 1-2: Ball 2-2: Foul Ball, location: 2F 2-2: Strikes out swinging
|
Batting: LHB Mark Wilson
|
0-0: Called Strike 0-1: Called Strike 0-2: Ball 1-2: Ball 2-2: Strikes out looking
|
Batting: LHB Dustin Jones
|
0-0: Fly out, F9 (Line Drive, 9)
|
Bottom of the 6th over - 0 runs, 0 hits, 0 errors, 1 left on base; Texas A&M 3 - Michigan 8 |
TOP OF THE 7TH |
Texas A&M Aggies batting - Pitching for Michigan Wolverines : RHP Louie Henderson
|
Batting: SHB Orlando Ortíz
|
0-0: Ball 1-0: Swinging Strike 1-1: Swinging Strike 1-2: Strikes out swinging
|
Batting: RHB Randy Akers
|
0-0: Ball 1-0: Ball 2-0: Ball 3-0: Called Strike 3-1: SINGLE (Groundball, 34D)
|
Batting: RHB Joaquín Soto
|
0-0: Called Strike 0-1: Fielders Choice at 2nd, 6-4 (Groundball, 6MD)
|
Batting: LHB Richard Borges
|
0-0: Fly out, F8 (Flyball, 8LXD)
|
Top of the 7th over - 0 runs, 1 hit, 0 errors, 1 left on base; Texas A&M 3 - Michigan 8 |
BOTTOM OF THE 7TH |
Michigan Wolverines batting - Pitching for Texas A&M Aggies : RHP Ed Garner
|
Batting: LHB Ken Miller
|
0-0: Ball 1-0: Ball 2-0: Called Strike 2-1: Ball 3-1: Called Strike 3-2: Base on Balls
|
Batting: RHB Bob Caldwell
|
0-0: Called Strike 0-1: Ball 1-1: Ball 2-1: Grounds into double play, 5-4-3 (Groundball, 5)
|
Batting: RHB Mike Clyne
|
0-0: Ball 1-0: Ball 2-0: Called Strike 2-1: Called Strike 2-2: Strikes out swinging
|
Bottom of the 7th over - 0 runs, 0 hits, 0 errors, 0 left on base; Texas A&M 3 - Michigan 8 |
TOP OF THE 8TH |
Texas A&M Aggies batting - Pitching for Michigan Wolverines : RHP Louie Henderson
|
Now in CF: Carl Murphy
|
|
Batting: RHB Greg Marshall
|
0-0: Ball 1-0: SINGLE (Flyball, 8LS)
|
Batting: LHB Jesse Callahan
|
0-0: Ball 1-0: Foul Ball, location: 2F 1-1: Called Strike 1-2: Ball 2-2: Ball 3-2: Ground out U3 (Groundball, 3S) Greg Marshall to second
|
Batting: RHB Mike Tate
|
0-0: Swinging Strike 0-1: Ball 1-1: Ball 2-1: Swinging Strike 2-2: SINGLE (Line Drive, 7S) Greg Marshall to third
|
Batting: RHB Bruce Holliday
|
0-0: Called Strike 0-1: Called Strike 0-2: Foul Ball, location: 2F 0-2: Ball 1-2: Grounds into double play, 6-4-3 (Groundball, 6)
|
Top of the 8th over - 0 runs, 2 hits, 0 errors, 1 left on base; Texas A&M 3 - Michigan 8 |
BOTTOM OF THE 8TH |
Michigan Wolverines batting - Pitching for Texas A&M Aggies : RHP Ed Garner
|
Pitching: RHP John Slade
|
|
Batting: RHB David Morgan
|
0-0: DOUBLE (Flyball, 89D)
|
Batting: RHB Miguel Vega
|
0-0: Called Strike 0-1: Foul Ball, location: 2F 0-2: Ground out 6-3 (Groundball, 6)
|
Batting: RHB George Bishop
|
0-0: Foul Ball, location: 2F 0-1: Foul Ball, location: 2F 0-2: Ball 1-2: Ball 2-2: Ground out 4-3 (Groundball, 4) David Morgan to third
|
Batting: SHB Carl Murphy
|
0-0: SINGLE (Line Drive, 78S) David Morgan scores
|
Batting: LHB Mark Wilson
|
0-0: Ball 1-0: Called Strike 1-1: Foul Ball, location: 2F 1-2: Foul Ball, location: 2F 1-2: Ball 2-2: Fielders Choice at 2nd, 6-4 (Groundball, 6)
|
Bottom of the 8th over - 1 run, 2 hits, 0 errors, 1 left on base; Texas A&M 3 - Michigan 9 |
TOP OF THE 9TH |
Texas A&M Aggies batting - Pitching for Michigan Wolverines : RHP Louie Henderson
|
Batting: RHB Nacho Rivera
|
0-0: Ball 1-0: DOUBLE (Line Drive, 7LM)
|
Batting: SHB Orlando Ortíz
|
0-0: Called Strike 0-1: Ball 1-1: Foul Ball, location: 2F 1-2: Ball 2-2: Ball 3-2: SINGLE (Groundball, 15) (infield hit) Nacho Rivera to third
|
Pitching: LHP Jonathan Bogan
|
|
Batting: RHB Randy Akers
|
0-0: Called Strike 0-1: Ball 1-1: Foul Ball, location: 2F 1-2: Ball 2-2: Ball 3-2: Foul Ball, location: 2F 3-2: Base on Balls Orlando Ortíz to second
|
Batting: RHB Joaquín Soto
|
0-0: Ball 1-0: Called Strike 1-1: Ball 2-1: Ball 3-1: Foul Ball, location: 2F 3-2: Foul Ball, location: 2F 3-2: Foul Ball, location: 2F 3-2: Base on Balls Nacho Rivera scores Orlando Ortíz to third Randy Akers to second
|
Batting: LHB Richard Borges
|
0-0: Foul Ball, location: 2F 0-1: Ball 1-1: Called Strike 1-2: Foul Ball, location: 2F 1-2: Ball 2-2: Strikes out swinging
|
Batting: RHB Greg Marshall
|
0-0: DOUBLE (Flyball, 8RXD) Orlando Ortíz scores Randy Akers scores Joaquín Soto to third
|
Batting: LHB Jesse Callahan
|
0-0: Foul Ball, location: 2F 0-1: Ball 1-1: Ball 2-1: Swinging Strike 2-2: Strikes out looking
|
Batting: RHB Mike Tate
|
0-0: Ball 1-0: Ground out 4-3 (Groundball, 4S)
|
Top of the 9th over - 3 runs, 3 hits, 0 errors, 2 left on base; Texas A&M 6 - Michigan 9 |
|